 Dungeon Crawl Stone Soup version 0.25-a0-280-gfa4545f159 (webtiles) character file.

Game seed: 7851078537083015895, levelgen mode: deterministic

124 night the Vexing (level 4, -1/45 HPs)
             Began as a Demonspawn Enchanter on Dec 10, 2019.
             Slain by a kobold
             ... wielding a +0 dagger
              (3 damage)
             ... on level 2 of the Dungeon.
             The game lasted 00:09:16 (3699 turns).

night the Vexing (Demonspawn Enchanter)             Turns: 3699, Time: 00:09:16

Health: -1/45      AC:  3    Str: 13      XL:     4   Next: 81%
Magic:  1/9        EV: 12    Int: 16 (17) God:
Gold:   145        SH:  0    Dex: 14      Spells: 1/10 levels left

rFire    . . .     SeeInvis .   a - +1 dagger
rCold    . . .     Gourm    .   (no shield)
rNeg     . . .     Faith    .   b - +0 robe
rPois    .         Spirit   .   (no helmet)
rElec    .         Reflect  .   (no cloak)
rCorr    .         Harm     .   c - +0 pair of gloves
MR       .....                  (no boots)
Stlth    ..........             (no amulet)
HPRegen  0.15/turn              (no ring)
MPRegen  0.11/turn              (no ring)

@: berserking, very quick
A: powered by death 1
a: no special abilities


You were on level 2 of the Dungeon.
You were not hungry.

You visited 1 branch of the dungeon, and saw 3 of its levels.

You collected 145 gold pieces.

Inventory:

Hand Weapons
 a - a +1 dagger (weapon)
Armour
 b - a +0 robe (worn)
 c - a +0 pair of gloves (worn)
 f - a +0 scale mail
Jewellery
 h - a cursed -3 ring of dexterity {unknown}
Scrolls
 g - a scroll of remove curse {unknown}
 j - 4 scrolls of teleportation {unknown}
 k - a scroll of immolation {unknown}
 n - a scroll of enchant armour {unknown}
 q - a scroll of amnesia {unknown}
Potions
 i - 2 potions of flight
Comestibles
 d - 2 rations
 l - a chunk of flesh


   Skills:
 - Level 1.1 Short Blades
 - Level 1.7 Dodging
 - Level 2.6 Stealth
 + Level 3.5 Spellcasting
 + Level 4.4 Hexes


You had one spell level left.
You knew the following spells:

 Your Spells              Type           Power        Failure   Level  Hunger
a - Corona                Hex            ###....      2%          1    None
b - Ensorcelled Hibernat  Hex/Ice        #.....       11%         2    ##.....
c - Confuse               Hex            ###.....     9%          3    ###....
d - Tukima's Dance        Hex            ###.....     9%          3    ###....

Your spell library contained the following spells:

 Spells                   Type           Power        Failure   Level  Hunger
 Dazzling Flash           Conj/Hex       #.....       22%         3    ###....


Dungeon Overview and Level Annotations

Branches:
Dungeon (3/15)

Altars:
Hepliaklqana


Innate Abilities, Weirdness & Mutations

You regenerate a little health from kills.


Message History

* * * LOW HITPOINT WARNING * * *
Casting: Ensorcelled Hibernation (safe; 11% risk of failure)
Confirm with . or Enter, or press ? or * to list all spells.
Aiming: Ensorcelled Hibernation (safe; 11% risk of failure)
Press: ? - help, Shift-Dir - straight line, f/p - kobold
Aim: a kobold, wielding a +0 dagger (severely wounded, chance to defeat MR: 58%)
The kobold resists with significant effort.
The kobold hits you but does no damage.
It was a potion of cancellation.
You feel magically purged.
Your magical contamination has completely faded away.
The kobold hits you but does no damage.
It was a potion of berserk rage.
A red film seems to cover your vision as you go berserk!
You feel yourself moving faster!
You feel mighty! The kobold hits you with a +0 dagger.
* * * LOW HITPOINT WARNING * * *
You closely miss the kobold.
The kobold is heavily wounded.
The kobold hits you with a +0 dagger.
You die...

#.# #.#######
#.####........
#####.##........##
#........#.##<....
##.###.####.#...###
##...##.####......##
#_....#.............
#)...##########.####
###@## #.# #K# #.#
##.## ##+## #.>.#####
##...## #.).....#
##.....##
####....##.###.......#
#..........##.........
#...........'.........
#..........##.........


You could see a kobold.

Vanquished Creatures
  A worker ant (D:3)
  5 adders (D:2)
  A dart slug (D:1)
  3 leopard geckos (D:1)
  3 orcs
  4 bats
  A giant cockroach (D:1)
  8 goblins
  6 hobgoblins
  A quokka (D:2)
  2 frilled lizards
  8 kobolds
  10 rats
53 creatures vanquished.

Notes
Turn   | Place    | Note
-------+----------+-------------------------------------------
     0 | D:1      | night the Demonspawn Enchanter began the quest for the Orb.
     0 | D:1      | Reached XP level 1. HP: 13/13 MP: 3/3
   716 | D:1      | Gained mutation: You regenerate a little health from kills.
                  | [demonic ancestry]
   716 | D:1      | Reached XP level 2. HP: 19/19 MP: 3/5
   740 | D:1      | Learned a level 2 spell: Ensorcelled Hibernation
   787 | D:1      | Reached skill level 1 in Short Blades
  1269 | D:1      | Reached XP level 3. HP: 24/24 MP: 3/6
  2127 | D:2      | Learned a level 3 spell: Confuse
  2768 | D:2      | Reached skill level 4 in Hexes
  2834 | D:2      | Found a hazy altar of Hepliaklqana.
  3048 | D:2      | HP: 1/24 [poisoned by an adder]
  3051 | D:2      | Reached XP level 4. HP: 28/30 MP: 0/8
  3674 | D:2      | Learned a level 3 spell: Tukima's Dance
  3695 | D:2      | HP: 1/30 [kobold/+0 dagger (3)]
  3699 | D:2      | Slain by a kobold

Levels and vault maps discovered:
D:1:      dpeg_arrival_long_road, layout_basic
D:2:      layout_loops_corners, overflow_temple_1_default
D:3:      layout_basic

Skill      XL: |  1  2  3 |
---------------+----------+-----
Short Blades   | 1 |  1.1
Spellcasting   | 3 |  3.5
Hexes          | 4 |  4.4
Dodging        | |  1.7
Stealth        | |  2.6

Action                   |  1- 3 |  4- 6 || total
-------------------------+-------+-------++-------
Melee: Dagger            |   146 |    45 ||   191
 Cast: Corona            |    12 |     1 ||    13
       Ensorcelled Hiber |    27 |     4 ||    31
       Confuse           |     3 |     5 ||     8
       Tukima's Dance    |       |     1 ||     1
  Use: Potion            |     5 |     2 ||     7
 Stab: Sleeping          |    19 |     4 ||    23
       Confused          |       |     2 ||     2
  Eat: Chunk             |     4 |     4 ||     8
       Ration            |     1 |       ||     1
Armor: Robe              |    27 |    12 ||    39
       Skin              |    14 |       ||    14
Dodge: Dodged            |    92 |    37 ||   129

Table legend:
 A = Non-vault XP
 B = Vault XP
 C = Vault XP percentage of total XP
 D = Non-vault monster count
 E = Vault monster count
 F = Vault count percentage of total count
                 A         B        C        D         E       F
            +---------+---------+-------+---------+---------+-------
      Total |     178 |       0 |   0.0 |      53 |       0 |   0.0
            +---------+---------+-------+---------+---------+-------
        D:1 |      56 |       0 |   0.0 |      32 |       0 |   0.0
        D:2 |      81 |       0 |   0.0 |      15 |       0 |   0.0
        D:3 |      41 |       0 |   0.0 |       6 |       0 |   0.0
            +---------+---------+-------+---------+---------+-------
